 Dungeon Crawl Stone Soup version 0.30-a0-779-g7971cf19c3 (webtiles) character file.

Game seed: 10634781193077296026

36 Ijustatesigmund the Shield-Bearer (level 3, -10/23 HPs)
             Began as a Gargoyle Fighter on Feb 17, 2023.
             Engulfed by a cloud of flame (13 damage)
             ... on level 1 of the Dungeon.
             The game lasted 00:01:19 (564 turns).

Ijustatesigmund the Shield-Bearer (Gargoyle Fighter) Turns: 564, Time: 00:01:20

Health: -10/23     AC: 10    Str: 21    XL:     3   Next: 37%
Magic:  3/3        EV:  9    Int:  8    God:
Gold:   38         SH:  4    Dex:  9    Spells: 2/2 levels left

rFire   . . .      SeeInvis .    a - +0 flail
rCold   . . .      Faith    .    c - +0 buckler
rNeg    + . .      Spirit   .    b - +0 scale mail
rPois   ∞          Reflect  .    (no helmet)
rElec   +          Harm     .    (no cloak)
rCorr   .          Rampage  .    (no gloves)
Will    .....                    (no boots) Stlth
                                 (no amulet)
HPRegen 0.23/turn                (no ring)
MPRegen 0.08/turn                (no ring)

@: no status effects
A: sickness immunity, AC +3, negative energy resistance 1, electricity
resistance, torment resistance 1, petrification resistance
a: no special abilities


You were on level 1 of the Dungeon.
You visited 1 branch of the dungeon, and saw 1 of its levels.

You collected 38 gold pieces.

Inventory:

Hand Weapons
 a - a +0 flail (weapon)
Armour
 b - a +0 scale mail (worn)
 c - a +0 buckler (worn)
Scrolls
 f - a scroll of identify
Potions
 d - a potion of might
 e - a potion of lignification


   Skills:
 + Level 3.6 Fighting
 * Level 2.7 Maces & Flails
 + Level 3.6 Armour
 + Level 3.6 Shields


You had 2 spell levels left.
You didn't know any spells.
Your spell library was empty.

Dungeon Overview and Level Annotations

Branches:
Dungeon (1/15)

Altars:


Innate Abilities, Weirdness & Mutations

You are immune to sickness and miasma.
Your stone body is resilient. (AC +3)
You are immune to poison.
You resist negative energy. (rN+)
You are resistant to electric shocks. (rElec)
You are resistant to unholy torment.
You are immune to petrification.


Message History

No target in view!
No target in view!
No target in view!
No target in view!
No target in view!
No target in view!
No target in view!
No target in view!
No target in view!
No target in view!
No target in view!
No target in view!
No target in view!
h - a brown potion You see here a ball python corpse.
f - 3 scrolls labelled ROAC OMISIRPH (gained 1)
You now have 27 gold pieces (gained 8).
A dart slug comes into view.
Found 11 gold pieces.
As you read the scroll labelled ROAC OMISIRPH, it crumbles to dust.
It is a scroll of identify.
e - a potion of lignification
As you read the scroll of identify, it crumbles to dust.
h - a potion of degeneration You drop a potion of degeneration.
As you read the scroll labelled BOPRUO KARIRPHAPN, it crumbles to dust.
It is a scroll of amnesia.
You feel forgetful for a moment.
Unknown command.
You now have 38 gold pieces (gained 11).
Found 3 stones and a ring mail.
A hobgoblin comes into view.
Found 20 gold pieces.
A hobgoblin is nearby!
You are engulfed in blazing flames.
You are engulfed in blazing flames.
* * * LOW HITPOINT WARNING * * *
You are engulfed in blazing flames.
Ouch! That really hurt!
You die...

#....!...............
#.######.#####.......
#.# #...# ##..###.
#.# #§..# #...... #.#
#§○§# #..###. #.#
#.§§# ##.# #.
#.#####...## #.# #.
#..§§○.$(..§ #.. #.
#..☼@§g.$$.§ ### #.
##.°○☼[..$.§
######...## §○§# .☼#
§# .# ..# .... ..#


You could see a hobgoblin.

Vanquished Creatures
  A dart slug (D:1)
  4 bats (D:1)
  4 endoplasms (D:1)
  3 giant cockroaches (D:1)
  A hobgoblin (D:1)
  A quokka (D:1)
  A ball python (D:1)
  A frilled lizard (D:1)
  4 goblins (D:1)
  4 kobolds (D:1)
  9 rats (D:1)
33 creatures vanquished.

Notes
Turn   | Place    | Note
-------+----------+-------------------------------------------
     0 | D:1      | Ijustatesigmund the Gargoyle Fighter began the quest for
                  | the Orb.
     0 | D:1      | Reached XP level 1. HP: 14/14 MP: 1/1
   111 | D:1      | Reached XP level 2. HP: 19/19 MP: 2/2
   235 | D:1      | Reached XP level 3. HP: 22/23 MP: 3/3
   564 | D:1      | Engulfed by a cloud of flame

Illustrated notes

Levels and vault maps discovered:
D:1:      elethiomel_arrival_diamonds, layout_rooms, lemuel_flame_loot_1

Action                     || total
---------------------------++-------
  Melee: Flail             ||    98
    Use: Scroll            ||     3
 Armour: Scale mail        ||    63
  Dodge: Dodged            ||    54
  Block: Buckler           ||    25

Table legend: (Time is in decaauts)
 A = Elapsed time spent in this place.
 B = Non-inter-level travel time spent in this place.
 C = Inter-level travel time spent in this place.
 D = Time resting spent in this place.
 E = Time spent auto-exploring this place.
 F = Levels seen in this place.
 G = Mean time per level.
                   A        B        C        D        E       F      G
               +--------+--------+--------+--------+--------+-----+--------+
         Total |    595 |    595 |      0 |      0 |    383 |   1 |  595.0 |
       Dungeon |    595 |    595 |      0 |      0 |    383 |   1 |  595.0 |
               +--------+--------+--------+--------+--------+-----+--------+

Top non-repeatable levels by time:
     D:1: 595 daAuts
